 Dungeon Crawl Stone Soup version 0.28-a0-384-g9e0c098162 (webtiles) character file.

Game seed: 9601938865621167892

154 SolCadguy the Chopper (level 5, -12/40 HPs)
             Began as a Palentonga Warper on Sept 2, 2021.
             Mangled by an ogre (14 damage)
             ... on level 3 of the Dungeon.
             The game lasted 00:05:27 (3662 turns).

SolCadguy the Chopper (Palentonga Warper)           Turns: 3662, Time: 00:05:28

Health: -12/40     AC:  4    Str: 16    XL:     5   Next: 13%
Magic:  14/17      EV:  9    Int: 13    God:
Gold:   61         SH:  0    Dex:  9    Spells: 6/8 levels left

rFire   . . .      SeeInvis +   a - +0 hand axe
rCold   . . .      Faith    .   (no shield)
rNeg    . . .      Spirit   .   b - +0 leather armour
rPois   .          Reflect  .   (no helmet)
rElec   .          Harm     .   (no cloak)
rCorr   .          Rampage  .   (no gloves)
Will    .....                   (no barding)
Stlth   +.........              (no amulet)
HPRegen 0.13/turn               i - ring of magical power
MPRegen 0.15/turn               (no ring)

@: no status effects
A: large, rugged brown scales 3, see invisible, deformed body, roll 1, armoured
tail
a: Rolling Charge


You were on level 3 of the Dungeon.
You visited 1 branch of the dungeon, and saw 3 of its levels.

You collected 61 gold pieces.

Inventory:

Hand Weapons
 a - a +0 hand axe (weapon)
 e - a +0 longbow
 k - a +0 hunting sling
Missiles
 d - 5 boomerangs of dispersal
 f - 39 poisoned darts
 g - 59 stones
 j - 5 boomerangs (quivered)
 l - 28 sling bullets
Armour
 b - a +0 leather armour (worn)
Jewellery
 i - a ring of magical power (left hand)
Scrolls
 c - a scroll of blinking
 h - a scroll of fog {unknown}
 m - a scroll of fear {unknown}


   Skills:
 - Level 2.0 Fighting
 + Level 5.2 Axes
 - Level 0.6 Throwing
 - Level 0.7 Armour
 - Level 1.5 Dodging
 - Level 2.0 Spellcasting
 - Level 3.2 Translocations


You had 6 spell levels left.
You knew the following spells:

 Your Spells              Type           Power      Damage    Failure   Level
a - Blink                 Tloc           N/A        N/A       13%         2

Your spell library contained the following spells:

 Spells                   Type           Power      Damage    Failure   Level
 Gell's Gravitas          Tloc           4%         N/A       26%         3
 Lesser Beckoning         Tloc           9%         N/A       26%         3
 Teleport Other           Tloc           9%         N/A       26%         3
 Sandblast                Erth           2%         2d4       30%         1
 Summon Small Mammal      Summ           4%         N/A       30%         1
 Passwall                 Tmut/Erth      0%         N/A       43%         2
 Scorch                   Fire           2%         2d5       43%         2
 Portal Projectile        Hex/Tloc       10%        N/A       43%         3
 Call Canine Familiar     Summ           1%         N/A       67%         3
 Summon Guardian Golem    Hex/Summ       1%         N/A       67%         3
 Manifold Assault         Tloc           9%         N/A       93%         5
 Leda's Liquefaction      Hex/Erth       0%         N/A       97%         4
 Blade Hands              Tmut           0%         N/A       100%        5
 Excruciating Wounds      Necr           0%         N/A       100%        5
 Fireball                 Conj/Fire      0%         3d3       100%        5
 Lee's Rapid Deconstruct  Erth           0%         3d5*      100%        5
 Summon Cactus Giant      Summ           0%         N/A       100%        6


Dungeon Overview and Level Annotations

Branches:
Dungeon (3/15)

Altars:


Innate Abilities, Weirdness & Mutations

You are completely covered in rugged brown scales. (AC +3, +7% HP)
You have supernaturally acute eyesight. (SInv)
Armour fits poorly on your strangely shaped body.
You can roll at nearby foes to attack.
You have a long armoured tail.


Message History

The ogre is severely wounded.
The ogre hits you with a +0 giant club!
Casting: Blink (safe; 13% risk of failure)
Confirm with . or Enter, or press ? or * to list all spells.
You blink.
Found a fizzy sapphire potion and 18 gold pieces.
Okay, then.
You aren't carrying any potions.
Okay, then.
Things that are here:
a +0 dagger; a goblin skeleton Roll where?
Press: ? - help, Dir - move target, f/p - ogre
Aim: an ogre, wielding a +0 giant club (severely wounded)
You roll forward with a clatter of scales!
You barely miss the ogre.
The ogre is severely wounded.
The ogre hits you with a +0 giant club!!
* * * LOW HITPOINT WARNING * * *
Casting: Blink (safe; 13% risk of failure)
Confirm with . or Enter, or press ? or * to list all spells.
You blink.
Throw: 5 boomerangs
Press: ? - help, Q - select action, (/) - cycle Shift-Dir - straight line, f/p - ogre
Aim: an ogre, wielding a +0 giant club (severely wounded, 71% to hit)
You throw a boomerang. The boomerang hits the ogre.
The ogre is almost dead.
Throw: 5 boomerangs
Press: ? - help, Q - select action, (/) - cycle Shift-Dir - straight line, f/p - ogre
Aim: an ogre, wielding a +0 giant club (almost dead, 71% to hit)
You throw a boomerang. The boomerang barely misses the ogre.
Unknown command.
Roll where?
Press: ? - help, Dir - move target, f/p - ogre
Aim: an ogre, wielding a +0 giant club (almost dead)
You roll forward with a clatter of scales!
You barely miss the ogre.
The ogre is almost dead.
The ogre hits you with a +0 giant club!
You die...

.. #..... # .. ....##
#.######.## .....##
#.<....... ......
#..#.....# ....#.
#........# #.....
#.....☼.#### ##[....
#.#...☼....####
#......
#...@.......###.#....
#...O..))...)<)...#.?
#.....####..###.#.#..
#.....## #...........
#....).###.).)†...###
#####...#####.#####
.$ #.#.##.÷..#
.!..###.#....##.#
........#..##...#


You could see an ogre.

Vanquished Creatures
  A hound (D:3)
  An orc wizard (D:2)
  3 adders
  2 dart slugs
  3 orcs
  5 ball pythons
  6 endoplasms
  5 giant cockroaches
  13 goblins
  A hobgoblin (D:2)
  8 jackals (D:1)
  3 kobolds
  3 quokkas
  2 bats (D:1)
  2 frilled lizards
  2 rats
60 creatures vanquished.

Notes
Turn   | Place    | Note
-------+----------+-------------------------------------------
     0 | D:1      | SolCadguy the Palentonga Warper began the quest for the
                  | Orb.
     0 | D:1      | Reached XP level 1. HP: 17/17 MP: 3/3
   226 | D:1      | Reached XP level 2. HP: 11/23 MP: 5/5
   435 | D:1      | Learned a level 2 spell: Blink
   865 | D:1      | Reached skill level 3 in Axes
  1202 | D:1      | Reached XP level 3. HP: 26/28 MP: 6/6
  2030 | D:2      | Reached skill level 4 in Axes
  2434 | D:2      | Found a faded altar of an unknown god.
  2582 | D:2      | Reached XP level 4. HP: 35/35 MP: 7/7
  3134 | D:3      | Reached skill level 5 in Axes
  3134 | D:3      | Reached XP level 5. HP: 21/40 MP: 8/8
  3228 | D:3      | Noticed a phantom
  3647 | D:3      | Noticed an ogre
  3658 | D:3      | HP: 1/40 [ogre (19)]
  3662 | D:3      | Mangled by an ogre

Illustrated notes

Levels and vault maps discovered:
D:1:      grunt_arrival_lava_bath, layout_loops_ring
D:2:      layout_basic, hellmonk_ecumenical_altar_prayer_group
D:3:      layout_rooms, gup_sewer_entry_bubbles, minmay_ogre_servants

Skill      XL: |  1  2  3  4 |
---------------+-------------+-----
Axes           | 3 4 5 |  5.2
Fighting       | |  2.0
Throwing       | |  0.6
Armour         | |  0.7
Dodging        | |  1.5
Spellcasting   | |  2.0
Translocations | |  3.2

Action                   |  1- 3 |  4- 6 || total
-------------------------+-------+-------++-------
Melee: Hand axe          |   145 |    62 ||   207
       Tailslap          |     9 |     4 ||    13
 Fire: Hunting sling     |     2 |       ||     2
Throw: Boomerang         |     1 |     6 ||     7
 Cast: Blink             |       |     5 ||     5
 Abil: Rolling Charge    |    20 |    16 ||    36
  Use: Scroll            |     3 |       ||     3
Armor: Leather armour    |    55 |    16 ||    71
Dodge: Dodged            |    65 |    22 ||    87

Table legend: (Time is in decaauts)
 A = Elapsed time spent in this place.
 B = Non-inter-level travel time spent in this place.
 C = Inter-level travel time spent in this place.
 D = Time resting spent in this place.
 E = Time spent auto-exploring this place.
 F = Levels seen in this place.
 G = Mean time per level.
                   A        B        C        D        E       F      G
               +--------+--------+--------+--------+--------+-----+--------+
         Total |   3691 |   3626 |     65 |   1567 |   1614 |   3 | 1230.3 |
       Dungeon |   3691 |   3626 |     65 |   1567 |   1614 |   3 | 1230.3 |
               +--------+--------+--------+--------+--------+-----+--------+

Top non-repeatable levels by time:
     D:2: 1797 daAuts
     D:1: 1688 daAuts
     D:3: 204 daAuts
